 Dungeon Crawl Stone Soup version 0.28-a0-983-g1de4e0787c (webtiles) character file.

Game seed: 3960318283154581874

101835 freelancePsychic the Warrior (level 16, -1/128 HPs)
             Began as a Djinni Warper on Dec 2, 2021.
             Was the Champion of Elyvilon.
             Killed from afar by an acid blob (5 damage)
             ... with a splash of acid
             ... on level 4 of the Pits of Slime.
             The game lasted 01:15:39 (36090 turns).

freelancePsychic the Warrior (Djinni Warper)       Turns: 36090, Time: 01:15:39

Health: -1/128     AC:  4    Str: 10    XL:     16   Next: 84%
Gold:   1345       EV: 20    Int: 32    God:    Elyvilon [******] SH:  6 Dex: 14

rFire   + + +      SeeInvis .   J - +10 lance "Wyrmbane" {slay drac, rPois rF+ rC+ AC+3}
rCold   + + .      Faith    .   W - +1 buckler {rC+}
rNeg    . . .      Spirit   .   N - +3 troll leather armour
rPois   ∞          Reflect  .   (no helmet)
rElec   +          Harm     .   e - +0 cloak
rCorr   +          Rampage  .   q - +0 pair of gloves
Will    +....      Rage     1%  (boots unavailable)
Stlth   +.........              M - amulet of the acrobat
HPRegen 1.11/turn               V - ring of Ynlax {rElec EV+4 Int+4}
MPRegen 0.00/turn               A - +6 ring of intelligence

@: resistant, corroded, flying
A: sickness immunity, fire resistance 2, cold vulnerability 1, float, innate
caster, hp casting, extra vitality 1, berserk 1, screaming 1
a: Renounce Religion, Purification, Heal Other, Heal Self, Divine Vigour


You were on level 4 of the Pits of Slime.
You worshipped Elyvilon.
Elyvilon was exalted by your worship.
You visited 4 branches of the dungeon, and saw 28 of its levels.
You also visited: Sewer, Bailey and Ice Cave.

You collected 3344 gold pieces.
You spent 1999 gold pieces at shops.

Inventory:

Hand Weapons
 J - the +10 lance "Wyrmbane" (weapon) {slay drac, rPois rF+ rC+ AC+3}
   (You bought it in a shop on level 10 of the Dungeon)

   It inflicts extra damage against dragons and draconians.
   AC:        It affects your AC (+3).
   rF:        It protects you from fire.
   rC:        It protects you from cold.
   rPois:     It protects you from poison.
Missiles
 d - 4 boomerangs of dispersal
 m - 8 boomerangs
 n - 8 curare-tipped darts (quivered)
 v - 8 throwing nets
Armour
 e - a +0 cloak (worn)
 q - a +0 pair of gloves (worn)
 N - a +3 troll leather armour (worn)
 W - a +1 buckler of cold resistance (worn)
Magical Staves
 X - a staff of cold
Jewellery
 y - a +4 ring of evasion
 z - a ring of see invisible
 A - a +6 ring of intelligence (right hand)
 C - a ring of fire
 I - a ring of protection from cold
 M - an amulet of the acrobat (around neck)
 P - a ring of ice
 V - the ring of Ynlax (left hand) {rElec EV+4 Int+4}
   (You took it off a spriggan on level 6 of the Lair of Beasts)

   [ring of evasion]

   EV:        It affects your evasion (+4).
   Int:       It affects your intelligence (+4).
   rElec:     It insulates you from electricity.
Wands
 a - a wand of iceblast (9)
 g - a wand of flame (24)
 B - a wand of polymorph (12)
 K - a wand of digging (2)
 R - a wand of mindburst (2)
 Z - a wand of paralysis (4)
Scrolls
 b - a scroll of immolation
 c - a scroll of blinking
 f - 4 scrolls of noise
 l - 12 scrolls of teleportation {@r4}
 t - 5 scrolls of fog
 x - a scroll of fear
 D - 7 scrolls of identify {@r1}
 G - 3 scrolls of magic mapping
 O - 2 scrolls of silence
 T - 3 scrolls of vulnerability
 U - a scroll of brand weapon
Potions
 h - a potion of cancellation
 i - 6 potions of brilliance
 j - 3 potions of flight
 k - a potion of heal wounds {@q2}
 p - 8 potions of might
 s - 3 potions of ambrosia
 w - a potion of berserk rage
 E - a potion of attraction
 F - 2 potions of curing {@q1}
 H - a potion of degeneration
 L - 4 potions of lignification
 Q - 5 potions of haste {@q3}
 Y - 2 potions of invisibility


   Skills:
 + Level 16.3 Fighting
 - Level 1.9(2.5) Short Blades
 - Level 2.6(2.9) Long Blades
 + Level 10.3 Polearms
 - Level 0.7 Throwing
 - Level 1.0 Armour
 - Level 10.3 Dodging
 - Level 4.0 Shields
 + Level 13.6 Spellcasting
 - Level 5.2 Invocations


You couldn't memorise any spells.
You knew the following spells:

 Your Spells              Type           Power      Damage    Failure   Level
a - Summon Forest         Summ/Tloc      41%        N/A       1%          5
b - Scorch                Fire           100%       2d10      0%          2
c - Call Canine Familiar  Summ           83%        N/A       1%          3
d - Teleport Other        Tloc           83%        N/A       1%          3
e - Manifold Assault      Tloc           83%        N/A       1%          5
f - Eringya's Noxious Bo  Tmut/Pois      41%        N/A       1%          6
g - Yara's Violent Unrav  Hex/Tmut       41%        3d16      1%          5
h - Gell's Gravitas       Tloc           83%        N/A       1%          3
i - Leda's Liquefaction   Hex/Erth       41%        N/A       1%          4
j - Lesser Beckoning      Tloc           83%        N/A       1%          3
k - Summon Small Mammal   Summ           100%       N/A       0%          1
l - Blink                 Tloc           100%       N/A       0%          2
Your spell library was empty.

Dungeon Overview and Level Annotations

Branches:
Dungeon (15/15)            Temple (0/1) D:7            Lair (6/6) D:11
  Swamp (0/4) Lair:3       Spider (0/4) Lair:2        Slime (5/5) Lair:5
    Orc (2/2) D:10            Elf (0/3) Orc:2        Vaults (0/5) D:14
 Depths (0/4) D:15          Sewer (visited)          Bailey (visited)
  IceCv (visited)

Altars:
Cheibriados
Elyvilon
Fedhas
Kikubaaqudgha
Makhleb
Trog
Uskayaw
Lugonu

Shops:
D:4 *(**   D:5 *[   D:10 (   Orc:2 (!(*

Portals:
Abyss: Lair:6

Annotations:
D:4 2 transporters, shoop's ghost, novice OgAM
D:5 3 runed translucent doors, Hubris850's ghost, novice DjFE
D:8 2 runed translucent doors
D:15 1 runed translucent door, Fotoz's ghost, adept GrFi


Innate Abilities, Weirdness & Mutations

You are immune to sickness and miasma.
You are immune to poison.
Your flesh is very heat resistant. (rF++)
You are vulnerable to cold. (rC-)
You float through the air rather than walking.
You learn spells naturally, not from books.
Your magical power is your life essence.
You have superior vitality. (+4 HP)
You tend to lose your temper in combat.
You occasionally shout uncontrollably at your foes.


Message History

The acid blob festers in the toxic bog!
The acid blob looks as sick as possible!
The acid blob completely misses you.
The acid blob festers in the toxic bog!
The acid blob looks as sick as possible!
The acid blob festers in the toxic bog!
The acid blob looks as sick as possible!
Your noxious spew wanes.
The acid blob spits acid at you. The splash of acid hits you! You resist.
* * * LOW HITPOINT WARNING * * *
The acid blob spits acid at you. The splash of acid hits you! You resist.
* * * LOW HITPOINT WARNING * * *
The acid blob spits acid at you. The splash of acid hits you! You resist.
* * * LOW HITPOINT WARNING * * *
An acid blob comes into view.
The acid blob completely misses you. The acid blob spits acid at you.
The splash of acid hits you! You resist.
* * * LOW HITPOINT WARNING * * *
The acid corrodes you!
A shining eye comes into view.
You yell at the shining eye!
There is a stone staircase leading up here.
The acid blob completely misses you. The acid blob spits acid at you.
The splash of acid hits you! You resist. Elyvilon protects you from harm!
You fly upwards.
There is a stone staircase leading down here.
The acid blob completely misses you. The acid blob spits acid at you.
The splash of acid hits you! You resist.
* * * LOW HITPOINT WARNING * * *
There is a stone staircase leading up here.
The acid blob spits acid at you. The splash of acid hits you. You resist.
You die...

#.##...###
....#....## .
#.........##.#..
##..............
##.#.......#.....
#................
#.......>.......
#..#............#..
.......@.J...#.##
...##...........#
#...........##
#.............#
...........>..##
.......#.....##
........#..<..#
...#...........


You could see an acid blob (extremely poisoned).

Vanquished Creatures
  Rupert (Lair:5)
  A quicksilver ooze (Slime:3)
  Snorg (D:12)
  A fire dragon (D:15)
  5 boulder beetles
  2 vault guards (D:14)
  An ogre mage (Orc:2)
  4 hydras
  4 centaur warriors
  An anaconda (Lair:6)
  7 two-headed ogres
  5 death yaks
  2 thrashing horrors (Lair:6)
  Urug (Lair:5)
  Sonja (D:11)
  A deep troll (Orc:2)
  2 lindwurms
  2 deep elf pyromancers
  2 wizards (D:15)
  A bog body (Lair:3)
  6 ugly things
  3 shining eyes
  4 manticores
  4 cyclopes
  4 black mambas
  2 elephants
  A naga mage (D:15)
  2 gargoyles
  8 cane toads
  A kobold demonologist (D:12)
  5 rime drakes
  5 komodo dragons
  A freezing wraith (D:15)
  A yaktaur (D:15)
  3 efreet
  An ancient zyme (Lair:6)
  A polar bear (Lair:6)
  6 trolls
  10 blink frogs
  A hornet (D:7)
  A wind drake (shapeshifter) (D:15)
  21 slime creatures
  A water elemental (D:14)
  2 ynoxinuls (Lair:6)
  A shadow (D:9)
  2 redbacks (Lair:2)
  29 yaks
  A spriggan (Lair:6)
  2 large abominations (Lair:6)
  3 wraiths
  7 wyverns
  A vampire (D:8)
  2 basilisks
  2 golden eyes (Slime:3)
  A chaos spawn (Lair:6)
  8 vampire mosquitoes
  Grum (Lair:1)
  A warg (D:11)
  12 water moccasins
  An acid dragon (D:11)
  An ice beast (D:3)
  5 orc warriors
  3 black bears
  19 ogres
  11 centaurs
  7 wolves
  A boggart (D:15)
  8 small abominations (Lair:6)
  2 kobold brigands
  14 bullfrogs
  A scorpion (D:6)
  8 gnoll sergeants (Bailey)
  A water moccasin zombie (D:5)
  A water moccasin skeleton (D:6)
  20 killer bees
  4 wights (D:7)
  2 howler monkeys (D:9)
  3 centaur zombies
  Crazy Yiuf (D:3)
  8 gnoll shamans
  A centaur skeleton (D:6)
  8 orc priests
  4 hounds
  2 jellies
  2 iguanas
  15 orc wizards
  2 polar bear simulacra (IceCv)
  A killer bee zombie (D:7)
  2 howler monkey zombies (D:8)
  5 adders
  23 gnolls
  A river rat (Sewer)
  2 white imps (D:6)
  An ufetubus (D:4)
  3 worms
  2 dart slugs (D:1)
  32 orcs
  7 endoplasms
  A giant cockroach (D:4)
  15 goblins
  5 hobgoblins
  13 jackals
  13 kobolds
  3 quokkas
  13 ball pythons
  6 bats
  3 frilled lizards
  A quokka skeleton (D:4)
  8 rats
527 creatures vanquished.

Vanquished Creatures (collateral kills)
  An acid blob (Slime:3)
  3 azure jellies
  A quicksilver ooze (Lair:5)
  4 hydras
  Erolcha (D:11)
  Fannar (Lair:3)
  2 centaur warriors (D:14)
  A catoblepas (Lair:5)
  A two-headed ogre (D:14)
  8 death yaks
  2 manticores
  3 ugly things
  A centaur zombie (D:11)
  5 elephants (Lair:2)
  A black mamba (Lair:4)
  A smoke demon (Lair:6)
  2 ice statues (IceCv)
  An ancient zyme (Lair:6)
  A rime drake (Lair:2)
  A komodo dragon (Lair:3)
  A queen bee (Lair:3)
  A raiju (shapeshifter) (D:14)
  11 slime creatures
  13 blink frogs
  A spriggan (Lair:6)
  2 shadows
  24 yaks
  2 basilisks
  2 chaos spawn (Lair:6)
  4 vampire mosquitoes (D:14)
  A warg (D:10)
  A large abomination (Lair:6)
  3 water moccasins
  3 wolves
  2 centaurs (D:13)
  11 killer bees (Lair:3)
  A hound (Bailey)
  A jelly (Lair:5)
  3 small abominations (Lair:6)
  A gnoll shaman (Bailey)
  2 orc priests
  A bullfrog skeleton (D:5)
  3 orc wizards
  2 polar bear simulacra (IceCv)
  An ogre zombie (D:6)
  4 gnolls
  An orc zombie (D:6)
  9 orcs
  A bat (D:1)
  A jackal (D:1)
  A bush (Lair:4)
  A butterfly (Lair:5)
156 creatures vanquished.

Vanquished Creatures (others)
  An acid blob (Slime:2)
  Louise (D:15)
  2 vault guards (D:14)
  A boulder beetle (D:15)
  2 death knights
  An ogre mage (Orc:2)
  A centaur warrior (D:15)
  6 two-headed ogres (Orc:2)
  8 death yaks (Lair:6)
  A deep troll (Orc:2)
  2 wizards (D:14)
  3 ugly things
  A cyclops (Orc:2)
  2 elephants (Lair:6)
  A black mamba (Lair:6)
  A torpor snail (Lair:6)
  2 unseen horrors (D:12)
  3 trolls (Orc:2)
  A polar bear (Lair:6)
  2 blink frogs (Lair:6)
  5 dream sheep (Lair:6)
  3 slime creatures
  A hog (shapeshifter) (D:13)
  5 yaks (Lair:6)
  3 basilisks (Lair:6)
  A warg (Orc:2)
  2 water moccasins (Lair:6)
  An orc warrior (Orc:2)
  4 ogres (Orc:2)
  2 boggarts (D:15)
  An orc priest (Orc:2)
  An orc wizard (Orc:2)
  2 orcs (Orc:2)
  2 bushes
  63 fungi
  111 plants
  10 snaplasher vines
259 creatures vanquished.

Grand Total: 942 creatures vanquished

Notes
Turn   | Place    | Note
-------+----------+-------------------------------------------
     0 | D:1      | freelancePsychic the Djinni Warper began the quest for the
                  | Orb.
     0 | D:1      | Reached XP level 1. HP: 18/18 MP: 0/0
   306 | D:1      | Reached XP level 2. HP: 23/23 MP: 0/0
   755 | D:1      | Reached XP level 3. HP: 25/29 MP: 0/0
   755 | D:1      | Learned a level 1 spell: Summon Small Mammal
  1432 | D:1      | Reached XP level 4. HP: 19/34 MP: 0/0
  1704 | D:2      | Reached skill level 1 in Short Blades
  3063 | D:3      | Reached XP level 5. HP: 18/40 MP: 0/0
  3063 | D:3      | Learned a level 2 spell: Scorch
  3070 | D:3      | Reached skill level 3 in Fighting
  3836 | D:3      | Noticed an ice beast
  3843 | D:3      | Killed an ice beast
  3844 | D:3      | Reached XP level 6. HP: 23/46 MP: 0/0
  3999 | D:3      | Found a faded altar of an unknown god.
  4399 | D:3      | Found a runed translucent door.
  4400 | D:3      | Noticed Crazy Yiuf
  4407 | D:3      | Killed Crazy Yiuf
  4686 | D:4      | Found Polontur's Weapon Shop.
  4733 | D:4      | Found a glowing drain.
  4737 | Sewer    | Entered a sewer
  4903 | Sewer    | Reached skill level 4 in Fighting
  4903 | Sewer    | Reached XP level 7. HP: 30/52 MP: 0/0
  4903 | Sewer    | Learned a level 3 spell: Call Canine Familiar
  5048 | Sewer    | Found a white marble altar of Elyvilon.
  5073 | Sewer    | Became a worshipper of Elyvilon the Healer
  5233 | D:4      | Found Miplouni's Assorted Antiques.
  5244 | D:4      | Bought a scroll labelled LOUTULI FIYMNY for 17 gold pieces
  5244 | D:4      | Bought a scroll labelled XUMISA XOUTATIY for 17 gold pieces
  5277 | D:4      | Found Sopad's Assorted Antiques.
  5327 | D:4      | Found a transporter.
  5327 | D:4      | Noticed shoop's ghost (novice OgAM)
  5482 | D:4      | Reached skill level 1 in Invocations
  5595 | D:4      | Bought a scroll labelled LATSEF IMAZAK for 18 gold pieces
  5595 | D:4      | Bought a scroll labelled BENUIKK TIYRPH for 18 gold pieces
  5595 | D:4      | Bought a scroll of teleportation for 54 gold pieces
  5595 | D:4      | Bought a viscous coppery potion for 16 gold pieces
  5767 | D:4      | Found a transporter.
  5898 | D:4      | Found Qooporr's Assorted Antiques.
  5902 | D:4      | Bought a scroll of identify for 44 gold pieces
  6185 | D:4      | Found a blossoming altar of Fedhas.
  6389 | D:5      | Entered Level 5 of the Dungeon
  6534 | D:5      | Found a runed translucent gate.
  6535 | D:5      | Found a runed translucent gate.
  6536 | D:5      | Found a runed translucent gate.
  6542 | D:5      | Reached skill level 5 in Spellcasting
  6542 | D:5      | Reached XP level 8. HP: 50/58 MP: 0/0
  6545 | D:5      | Noticed Hubris850's ghost (novice DjFE)
  6594 | D:5      | Found Plog's General Store.
  6597 | D:5      | Bought a scroll of identify for 22 gold pieces
  6737 | D:5      | Reached * piety under Elyvilon
  7396 | D:5      | Found Qiteptoa's Armour Boutique.
  7564 | D:6      | Reached skill level 5 in Fighting
  7680 | D:6      | Found a transporter.
  7748 | D:6      | Found a transporter.
  8764 | D:6      | Found a burning altar of Makhleb.
  8797 | D:6      | Reached XP level 9. HP: 55/66 MP: 0/0
  8797 | D:6      | Learned a level 4 spell: Leda's Liquefaction
  9270 | D:7      | Reached ** piety under Elyvilon
  9653 | D:7      | Reached skill level 6 in Fighting
  9693 | D:7      | Noticed a hornet
  9702 | D:7      | Killed a hornet
  9803 | D:7      | Identified the +1 scale mail of the Tormentor {+Blink}
 11082 | D:7      | Found a bloodstained altar of Trog.
 11088 | D:7      | Reached skill level 7 in Fighting
 11088 | D:7      | Reached XP level 10. HP: 72/75 MP: 0/0
 11120 | D:7      | Found a staircase to the Ecumenical Temple.
 11411 | D:8      | Found a runed translucent door.
 11413 | D:8      | Noticed a boulder beetle
 11497 | D:8      | Reached *** piety under Elyvilon
 11942 | D:8      | Noticed a two-headed ogre
 11954 | D:8      | Killed a two-headed ogre
 11955 | D:8      | Reached skill level 5 in Dodging
 12258 | D:8      | Pacified a boulder beetle
 12259 | D:8      | Reached skill level 8 in Fighting
 12306 | D:8      | Noticed a cyclops
 12306 | D:8      | Noticed a centaur warrior
 12959 | D:9      | Reached XP level 11. HP: 34/82 MP: 0/0
 12959 | D:9      | Learned a level 5 spell: Yara's Violent Unravelling
 13477 | D:9      | Reached skill level 9 in Fighting
 13671 | D:9      | Noticed a two-headed ogre
 13681 | D:9      | Killed a two-headed ogre
 13877 | D:9      | Reached **** piety under Elyvilon
 14345 | D:10     | Entered Level 10 of the Dungeon
 14353 | D:10     | Found Suttu's Weapon Shoppe.
 14456 | D:10     | Found a staircase to the Orcish Mines.
 14607 | D:10     | Found a flagged portal.
 14754 | Bailey   | Entered a bailey
 15607 | Bailey   | Identified the +7 dagger of Kamoor {pain, Dex+6}
 15607 | Bailey   | Identified the +1 leather armour of the Purple Skies
                  | {+Blink rElec Str+4 Int-5}
 15975 | Bailey   | Reached skill level 1 in Polearms
 16229 | D:10     | Bought the +8 lance "Wyrmbane" {slay drac, rPois rF+ rC+
                  | AC+3} for 969 gold pieces
 16229 | D:10     | Found the +8 lance "Wyrmbane" {slay drac, rPois rF+ rC+
                  | AC+3}
 16306 | D:10     | Noticed a two-headed ogre
 16316 | D:10     | Killed a two-headed ogre
 16317 | D:10     | Reached skill level 10 in Fighting
 17498 | D:11     | Noticed Sonja
 17511 | D:11     | Killed Sonja
 18110 | D:11     | Reached XP level 12. HP: 61/92 MP: 0/0
 18500 | D:4      | Bought a glowing amethyst amulet for 110 gold pieces
 18505 | D:4      | Bought a scroll of teleportation for 66 gold pieces
 18505 | D:4      | Bought a potion of might for 88 gold pieces
 18592 | D:8      | Reached skill level 1 in Shields
 19569 | D:8      | Identified the +10 long sword of Goamm {speed, Will+}
 19589 | D:8      | Found a runed translucent door.
 19589 | D:8      | Noticed a centaur warrior
 19849 | D:8      | Noticed a boulder beetle
 19864 | D:8      | Killed a boulder beetle
 20195 | D:11     | Noticed a boulder beetle
 20214 | D:11     | Killed a boulder beetle
 20296 | D:11     | Noticed Erolcha
 20335 | D:11     | Killed Erolcha
 20479 | D:11     | Reached skill level 11 in Fighting
 20528 | D:11     | Noticed a two-headed ogre
 20537 | D:11     | Killed a two-headed ogre
 20596 | D:11     | Reached ***** piety under Elyvilon
 20642 | D:11     | Found a staircase to the Lair.
 20760 | D:11     | Found a snail-covered altar of Cheibriados.
 21057 | Lair:1   | Entered Level 1 of the Lair of Beasts
 21068 | Lair:1   | Reached skill level 10 in Spellcasting
 21326 | Lair:1   | Noticed Grum
 21337 | Lair:1   | Killed Grum
 21418 | Lair:1   | Reached XP level 13. HP: 99/99 MP: 0/0
 21418 | Lair:1   | Learned a level 5 spell: Summon Forest
 21458 | Lair:1   | Reached skill level 5 in Polearms
 21574 | Lair:1   | Found a hide-covered altar of Uskayaw.
 21813 | Lair:1   | Noticed a four-headed hydra
 21842 | Lair:1   | Killed a four-headed hydra
 22726 | Lair:2   | Reached skill level 12 in Fighting
 22980 | Lair:2   | Reached ****** piety under Elyvilon
 23005 | Lair:2   | Found a hole to the Spider Nest.
 23314 | Lair:3   | Noticed a five-headed hydra
 23326 | Lair:3   | Killed a five-headed hydra
 23639 | Lair:3   | Found a staircase to the Swamp.
 23849 | Lair:3   | Noticed a five-headed hydra
 23854 | Lair:3   | Killed a five-headed hydra
 23855 | Lair:3   | Reached XP level 14. HP: 102/108 MP: 0/0
 24075 | Lair:3   | Noticed Fannar
 24102 | Lair:3   | Killed Fannar
 24103 | Lair:3   | Reached skill level 13 in Fighting
 25271 | Lair:5   | Noticed Rupert
 25275 | Lair:5   | Paralysed by Rupert for 4 turns
 25287 | Lair:5   | Killed Rupert
 25660 | Lair:5   | Found a staircase to the Slime Pits.
 25744 | Lair:5   | Noticed Urug
 25766 | Lair:5   | Killed Urug
 25767 | Lair:5   | Reached skill level 14 in Fighting
 26179 | Lair:6   | Entered Level 6 of the Lair of Beasts
 26609 | Lair:6   | Reached XP level 15. HP: 98/117 MP: 0/0
 26609 | Lair:6   | Learned a level 6 spell: Eringya's Noxious Bog
 27962 | Lair:6   | Identified the +6 shortbow of Kustryi {freeze, Int+10
                  | Dex+5}
 27962 | Lair:6   | Identified the ring of Ynlax {rElec EV+4 Int+4}
 28059 | Lair:6   | Found a corrupted altar of Lugonu.
 28059 | Lair:6   | Found a one-way gate to the infinite horrors of the Abyss.
 28704 | Orc:1    | Entered Level 1 of the Orcish Mines
 28735 | Orc:1    | Found a frozen archway.
 28764 | IceCv    | Entered an ice cave
 28781 | IceCv    | Found a transporter.
 28790 | IceCv    | Found a transporter.
 29260 | Orc:2    | Entered Level 2 of the Orcish Mines
 29573 | Orc:2    | Found a staircase to the Elven Halls.
 29581 | Orc:2    | Reached skill level 15 in Fighting
 29582 | Orc:2    | Reached skill level 10 in Polearms
 29835 | Orc:2    | Reached skill level 5 in Invocations
 30010 | Orc:2    | Found Baso's General Store.
 30051 | Orc:2    | Found Vuzel's Weapon Shoppe.
 30121 | Orc:2    | Found Jisucs's Distillery.
 30122 | Orc:2    | Found Goming's Antique Weapon Boutique.
 30159 | Orc:2    | Bought a potion of haste for 140 gold pieces
 30159 | Orc:2    | Bought a potion of haste for 140 gold pieces
 30159 | Orc:2    | Bought a potion of might for 56 gold pieces
 30159 | Orc:2    | Bought a potion of invisibility for 112 gold pieces
 30159 | Orc:2    | Bought a potion of invisibility for 112 gold pieces
 30762 | D:12     | Found a white marble altar of Elyvilon.
 31161 | D:12     | Noticed Snorg
 31171 | D:12     | Killed Snorg
 31664 | D:13     | You are sucked into a shaft and drop 2 floors!
 31664 | D:15     | Entered Level 15 of the Dungeon
 31670 | D:15     | Noticed Louise
 31868 | D:14     | Reached XP level 16. HP: 82/126 MP: 0/0
 32641 | D:14     | Found a gate to the Vaults.
 33701 | D:15     | Killed Louise
 34071 | D:15     | Found a runed translucent door.
 34072 | D:15     | Noticed Fotoz's ghost (adept GrFi)
 34324 | D:15     | Found a staircase to the Depths.
 34762 | Slime:1  | Entered Level 1 of the Pits of Slime
 34913 | Lair:5   | Reached skill level 16 in Fighting
 34915 | Lair:5   | Reached skill level 10 in Dodging
 34975 | Slime:1  | Noticed an azure jelly
 34979 | Slime:1  | Noticed an azure jelly
 34983 | Slime:1  | Killed an azure jelly
 34986 | Slime:1  | Killed an azure jelly
 35092 | Slime:3  | Gained mutation: You tend to lose your temper in combat. [a
                  | shining eye]
 35189 | Slime:3  | Noticed an azure jelly
 35213 | Slime:3  | Noticed an acid blob
 35219 | Slime:3  | Killed an acid blob
 35266 | Slime:3  | Noticed an acid blob
 35564 | Slime:3  | Gained mutation: You occasionally shout uncontrollably at
                  | your foes. [a shining eye]
 35622 | Slime:2  | Killed an azure jelly
 35819 | Slime:2  | Killed an acid blob
 36062 | Slime:5  | Entered Level 5 of the Pits of Slime
 36062 | Slime:5  | Noticed an acid blob
 36077 | Slime:5  | Noticed an acid blob
 36083 | Slime:5  | Noticed an acid blob
 36084 | Slime:5  | Elyvilon protects you from harm!
 36087 | Slime:4  | HP: 1/128 [acid blob/splash of acid (11)]
 36090 | Slime:4  | Killed from afar by an acid blob

Illustrated notes

Levels and vault maps discovered:
D:1:      giann_wishing_wells, layout_loops_cross, minmay_hexomino_c4
D:2:      layout_loops_ring
D:3:      layout_loops_ring, shapermc_ecumenical_altar_ellora,
          serial_bayou_crossing, uniq_crazy_yiuf_cottage
D:4:      layout_loops_cross, nicolae_overflow_crystal_walls,
          fedhas_altar_fruit_tree, gammafunk_ghost_arena, serial_shops, shop,
          nicolae_inconvenience_store, nicolae_shop_bloodbath_and_beyond,
          nicolae_shop_waterfront, gup_sewer_entry_bowl, grunt_tough_drop
D:5:      layout_loops_ring, gammafunk_ghost_split, serial_shops, shop,
          nicolae_shop_behind_doors
D:6:      gammafunk_cloud_chamber, layout_basic, kennysheep_little_box
D:7:      layout_cave_pools, trog_ov_bears_minmay,
          minmay_temple_entry_enclosed_plants
D:8:      minmay_the_grid_triangle_9x9_rhombus_thin
          [minmay_the_grid_triangle_9x9_tough_junction,
          minmay_the_grid_triangle_9x9_prize_insulated,
          minmay_the_grid_triangle_9x9_pentomino_pain,
          minmay_the_grid_triangle_9x9_warning], layout_gridville,
          chequers_arboretum, kennysheep_just_a_vault
D:9:      layout_stronghold
D:10:     layout_stronghold, orc_0_dummy, serial_shops, shop, enter_bailey_5,
          billiards_dpeg
D:11:     layout_irregular_city, erik_lair_orcish_takeover, cheibriados_altar_2,
          uniq_sonja, uniq_erolcha
D:12:     layout_grid_maze, nicolae_elyvilon_peaceful_grove, uniq_snorg
D:13:     minmay_outward_triangles, layout_cross
D:14:     layout_basic, lightli_vaults_fourway_checkpoint,
          amcnicky_mini_rare_corridor_liquid, minmay_misc_feat_iff
D:15:     hangedman_depths_entry_try_elsewhere_first, layout_cave_pools,
          ebering_ghost_inner_flame, hangedman_decor_peaks_small,
          serial_bayou_pond_b, uniq_louise
Lair:1:   layout_regular_city, serial_forest, infiniplex_forest_diagonal,
          infiniplex_forest_end_2, infiniplex_forest_side_room,
          infiniplex_forest_lined_2, infiniplex_forest_straight_5,
          infiniplex_forest_zigzag_1, infiniplex_forest_straight_2,
          infiniplex_forest_clump_small, infiniplex_forest_straight_2,
          basic_altar, chequers_serial_rivers_small_3, uniq_grum
Lair:2:   layout_loops_ring, spider_nest_entry_webs
Lair:3:   layout_roguey [special_room_bee], skrybe_swamp_entry_bodies,
          uniq_fannar
Lair:4:   layout_misc_corridors, chequers_serial_rivers_small_b, st_stairs_5,
          grunt_forest_small_clearings
Lair:5:   layout_gridlike, minmay_slime_entry_pillars, nicolae_lair_yak_garden,
          lemuel_fruit_fields, serial_bayou_shore_a, uniq_rupert, uniq_urug
Lair:6:   hellmonk_lair_end_abyssal_woods, layout_concentric_octagons
Slime:1:  layout_caves
Slime:2:  layout_caves
Slime:3:  layout_caves
Slime:4:  layout_caves
Slime:5
Orc:1:    layout_diamond_mine, portal_ice_cave_rime
Orc:2:    st_orc_open, layout_caves

Skill      XL: |  1  2  3  4  5  6  7  8  9 10 11 12 13 14 15 16 |
---------------+-------------------------------------------------+-----
Long Blades    | 2 |  2.6
Short Blades   | 1 |  1.9
Spellcasting   | 3 4 5 6 7 8 9 10 11 12 13 | 13.6
Fighting       | 3 4 5 7 8 10 11 12 14 15 16 | 16.3
Invocations    | 2 3 4 5 |  5.2
Dodging        | 3 6 8 10 | 10.3
Polearms       | 2 4 7 9 10 | 10.3
Shields        | 4 |  4.0
Throwing       | |  0.7
Armour         | |  1.0

Action                   |  1- 3 |  4- 6 |  7- 9 | 10-12 | 13-15 | 16-18 || total
-------------------------+-------+-------+-------+-------+-------+-------++-------
Melee: Falchion          |    69 |       |       |       |       |       ||    69
       Dagger            |    51 |    86 |    13 |       |       |       ||   150
       Lance             |       |       |       |   243 |  1371 |   478 ||  2092
Throw: Boomerang         |     1 |       |       |       |       |       ||     1
       Dart              |       |     1 |     3 |    10 |     2 |     6 ||    22
 Cast: Summon Small Mamm |     8 |     7 |       |       |       |       ||    15
       Scorch            |       |    42 |   196 |   262 |     9 |       ||   509
       Call Canine Famil |       |       |    16 |    44 |     6 |     1 ||    67
       Gell's Gravitas   |       |       |     8 |       |       |       ||     8
       Teleport Other    |       |       |       |     2 |       |       ||     2
       Manifold Assault  |       |       |       |   100 |   339 |    77 ||   516
       Summon Forest     |       |       |       |       |    41 |    15 ||    56
       Eringya's Noxious |       |       |       |       |    49 |    23 ||    72
Invok: Heal Other        |       |       |       |     7 |       |       ||     7
       Heal Self         |       |       |       |     4 |    12 |     5 ||    21
       Purification      |       |       |       |       |     1 |     1 ||     2
  Use: Scroll            |     1 |     5 |     6 |     4 |    14 |     6 ||    36
       Potion            |       |     3 |     1 |     2 |       |     6 ||    12
 Stab: Distracted        |     1 |       |     1 |       |     6 |     2 ||    10
       Sleeping          |       |       |       |       |       |     1 ||     1
Armor: Leather armour    |    42 |    20 |    34 |    21 |       |       ||   117
       Troll leather arm |       |       |       |    18 |   171 |    52 ||   241
Dodge: Dodged            |    87 |    59 |   101 |   201 |   507 |   243 ||  1198
Block: Buckler           |       |       |       |       |    49 |    72 ||   121

Table legend: (Time is in decaauts)
 A = Elapsed time spent in this place.
 B = Non-inter-level travel time spent in this place.
 C = Inter-level travel time spent in this place.
 D = Time resting spent in this place.
 E = Time spent auto-exploring this place.
 F = Levels seen in this place.
 G = Mean time per level.
                   A        B        C        D        E       F      G
               +--------+--------+--------+--------+--------+-----+--------+
         Total |  35591 |  33807 |   1784 |   3496 |  24872 |  31 | 1148.1 |
       Dungeon |  23284 |  21980 |   1304 |   2593 |  16497 |  15 | 1552.3 |
          Lair |   7628 |   7204 |    424 |     47 |   5631 |   6 | 1271.3 |
    Slime Pits |   1134 |   1134 |      0 |    767 |     54 |   5 |  226.8 |
  Orcish Mines |   1658 |   1603 |     55 |     81 |   1153 |   2 |  829.0 |
         Sewer |    364 |    364 |      0 |      0 |    297 |   1 |  364.0 |
        Bailey |   1415 |   1415 |      0 |      7 |   1184 |   1 | 1415.0 |
      Ice Cave |    106 |    106 |      0 |      0 |     56 |   1 |  106.0 |
               +--------+--------+--------+--------+--------+-----+--------+

Top non-repeatable levels by time:
     D:8: 2895 daAuts
    D:10: 2504 daAuts
     D:6: 2438 daAuts
  Lair:6: 1982 daAuts
     D:3: 1888 daAuts
     D:1: 1685 daAuts
     D:9: 1545 daAuts
     D:7: 1505 daAuts
  Bailey: 1415 daAuts
  Lair:5: 1415 daAuts
    D:14: 1395 daAuts
  Lair:1: 1356 daAuts
     D:5: 1340 daAuts
     D:4: 1322 daAuts
    D:11: 1173 daAuts
